Philadelphia Flyers vs Dallas Stars

Created - Saturday, January 24, 2026 at 08:58

Goals
1 2 3 OT1 T
Philadelphia Flyers 0 1 2 1 4
Dallas Stars 0 2 1 0 3
Shots
1 2 3 OT1 T
Philadelphia Flyers 7 15 10 2 34
Dallas Stars 11 14 16 0 41

1st period

No Goal

Penalties :
Josh Anderson (DAL) for Holding (Minor) at 9:47, Alex Steeves (PHI) for Hooking (Minor) at 16:48

2nd period

1. Philadelphia Flyers , Cole Guttman 3 (Alex Steeves 2, Thomas Novak 3) at 15:06
2. Dallas Stars , Philip Tomasino 1 (Dougie Hamilton 4, Cam York 4) at 16:30
3. Dallas Stars , Elias Lindholm 4 (Brendan Gallagher 4) at 18:45

Penalties :
Kaapo Kakko (PHI) for Tripping (Minor) at 12:42

3rd period

4. Philadelphia Flyers , Jeff Skinner 3 (Kirby Dach 8, Colton Sissons 3) at 4:30 (PP)
5. Dallas Stars , Brendan Gallagher 3 (Elias Lindholm 7, Josh Anderson 1) at 12:03
6. Philadelphia Flyers , Radek Faksa 1 (Will Borgen 3, J.J. Moser 5) at 14:21

Penalties :
Jordan Greenway (DAL) for Roughing (Minor) at 4:22, Jordan Greenway (DAL) for Fighting (Major) at 14:47, Kaapo Kakko (PHI) for Fighting (Major) at 14:47, Jeff Skinner (PHI) for Interference (Minor) at 17:31

Overtime #1

7. Philadelphia Flyers , Nick Blankenburg 2 (Colton Sissons 4, Kirby Dach 9) at 0:14

Penalties :
No Penalty

Goalie Stats

Dennis Hildeby (PHI), 38 saves from 41 shots - (0.927), W, 3-0-1, 60:14 minutes
Ukko-Pekka Luukkonen (DAL), 30 saves from 34 shots - (0.882), OTL, 2-3-1, 60:14 minutes

Players Stats for Philadelphia Flyers

Player Name              G  A  P  +/- PIM S  H  SB GA TA FO     MP     PP MP  PK MP  
------------------------------------------------------------------------------------
Alex Steeves             0  1  1   1  2   0  1  1  0  0  7/14   13:17   0:00   0:00 
Brandon Duhaime          0  0  0  -1  0   1  1  0  2  0  1/2    15:03   0:00   2:52 
Cody Glass               0  0  0  -1  0   3  0  0  1  0  4/8    13:17   1:06   0:00 
Cole Guttman             1  0  1   1  0   4  2  0  1  0  1/2    13:39   0:00   0:08 
Colton Sissons           0  2  2   0  0   0  1  2  0  0  10/24  17:26   1:01   2:52 
Henri Jokiharju          0  0  0   1  0   0  0  0  0  0  0/0    14:44   0:00   0:00 
J.J. Moser               0  1  1   1  0   1  1  0  0  1  0/0    22:32   1:05   2:52 
Jack McBain              0  0  0  -1  0   0  0  2  0  0  0/1    15:55   0:00   2:57 
Jeff Skinner             1  0  1   0  2   3  1  1  0  2  0/0    14:25   1:01   0:08 
Joel Edmundson           0  0  0  -2  0   1  0  3  0  0  0/0    22:46   1:05   2:59 
Kaapo Kakko              0  0  0  -1  7   7  2  0  0  0  0/1    12:56   1:06   0:00 
Kirby Dach               0  2  2   0  0   4  1  0  1  0  1/2    14:26   1:01   0:12 
Nick Blankenburg         1  0  1  -2  0   2  3  3  0  0  0/0    23:44   1:02   3:27 
Paul Cotter              0  0  0   0  0   2  1  0  2  0  0/1    13:27   0:00   0:00 
Radek Faksa              1  0  1   0  0   2  2  1  1  0  10/14  16:13   0:00   2:45 
Thomas Novak             0  1  1   1  0   1  1  0  3  1  1/1    14:23   1:06   0:00 
Will Borgen              0  1  1   1  0   2  1  0  0  3  0/0    20:47   0:00   2:36 
Zac Jones                0  0  0   1  0   1  0  1  0  0  0/0    15:55   1:02   0:00 

Players Stats for Dallas Stars

Player Name              G  A  P  +/- PIM S  H  SB GA TA FO     MP     PP MP  PK MP  
------------------------------------------------------------------------------------
Alex Iafallo             0  0  0  -1  0   0  1  0  0  0  1/1    13:28   0:24   0:00 
Arber Xhekaj             0  0  0  -1  0   0  1  0  0  2  0/0    13:06   0:17   0:00 
Brendan Gallagher        1  1  2   1  0   7  0  1  2  0  1/4    20:26   2:34   0:55 
Cam York                 0  1  1  -1  0   1  1  1  0  0  0/0    13:06   0:17   0:00 
Dougie Hamilton          0  1  1   0  0   2  1  2  0  0  0/0    26:55   2:23   1:07 
Elias Lindholm           1  1  2   0  0   6  3  0  1  0  13/22  19:45   2:58   1:01 
Filip Chytil             0  0  0   0  0   5  1  1  0  1  10/15  17:18   2:59   0:00 
Jack Drury               0  0  0   1  0   3  0  0  1  1  3/4     8:51   0:00   0:00 
Jakob Chychrun           0  0  0   1  0   3  0  0  1  0  0/0    20:13   3:17   1:00 
Joel Kiviranta           0  0  0   1  0   1  1  0  0  1  0/0     9:26   0:00   0:00 
Jonas Siegenthaler       0  0  0   1  0   2  2  2  0  0  0/0    20:13   3:17   1:00 
Jordan Greenway          0  0  0  -1  7   1  1  0  0  2  1/2    11:53   0:00   0:33 
Jordan Martinook         0  0  0   0  0   2  2  0  0  1  1/4    18:28   2:59   0:55 
Josh Anderson            0  1  1   0  2   2  0  0  0  0  1/1    18:56   2:58   0:00 
Luke Kunin               0  0  0   0  0   1  1  0  0  0  1/2    17:18   2:59   0:00 
Philip Tomasino          1  0  1   1  0   2  1  0  1  0  0/0     8:51   0:00   0:00 
Trent Frederic           0  0  0  -1  0   2  1  1  1  1  3/15   13:38   0:00   0:50 
Trevor van Riemsdyk      0  0  0   0  0   1  0  3  0  2  0/0    26:55   2:23   1:07 

3 Stars

1 - Elias Lindholm (DAL)
2 - Brendan Gallagher (DAL)
3 - Cole Guttman (PHI)

Power Play

Philadelphia Flyers - 1 on 2 Attempt(s) - 50.00%
Dallas Stars - 0 on 3 Attempt(s) - 0.00%

Penalty Kill

Philadelphia Flyers - 3 on 3 Attempt(s) - 100.00% - Score 0 goal in Penalty Kill
Dallas Stars - 1 on 2 Attempt(s) - 50.00% - Score 0 goal in Penalty Kill

Team Stat

Philadelphia Flyers - Hits : 18 - Faceoff Wins : 35 - Blocked Shots : 14 - Penalty Minutes : 11
Dallas Stars - Hits : 17 - Faceoff Wins : 35 - Blocked Shots : 11 - Penalty Minutes : 9

Official

Referees : Gord Dwyer and Tom Chmielewski
Linesman : Shandor Alphonso and Tommy Hughes

Game Notes

Jordan Greenway and Kaapo Kakko fight to a draw at 14:47 of 3rd period

Finance

Level 1 -- Attendance: 6000 (100.00%) -- Ticket Income $540,000
Level 2 -- Attendance: 4759 (95.18%) -- Ticket Income $237,950
Level 3 -- Attendance: 3000 (100.00%) -- Ticket Income $90,000
Level 4 -- Attendance: 3397 (67.94%) -- Ticket Income $84,925
Luxury Box -- Attendance: 878 (87.80%) -- Ticket Income $166,820
Game was played at the American Airlines Center.
Total Attendance: 18034 (90.17%)
Total Ticket Income: $1,119,695
Other Income: $391,893
Total Income: $1,511,588

Philadelphia Flyers

5 vs 5 Forward 
   Center                   Left Wing                Right Wing               Time % Phy DF OF 
 1 Colton Sissons           Kirby Dach               Jack McBain              25     1   2  2  
 2 Cody Glass               Kaapo Kakko              Brandon Duhaime          25     1   2  2  
 3 Alex Steeves             Thomas Novak             Cole Guttman             25     1   2  2  
 4 Radek Faksa              Jeff Skinner             Paul Cotter              25     1   2  2  

5 vs 5 Defense 
   Defense                  Defense                                           Time % Phy DF OF 
 1 Joel Edmundson           Nick Blankenburg                                  35     1   2  2  
 2 J.J. Moser               Will Borgen                                       35     1   2  2  
 3 Zac Jones                Henri Jokiharju                                   30     1   2  2  
 4 Joel Edmundson           Nick Blankenburg                                  0      1   2  2  

PowerPlay Forward 
   Center                   Left Wing                Right Wing               Time % Phy DF OF 
 1 Cody Glass               Thomas Novak             Kaapo Kakko              50     1   2  2  
 2 Colton Sissons           Jeff Skinner             Kirby Dach               50     1   2  2  

PowerPlay Defense
   Defense                  Defense                                           Time % Phy DF OF 
 1 Nick Blankenburg         Zac Jones                                         50     1   2  2  
 2 J.J. Moser               Joel Edmundson                                    50     1   2  2  

Penalty Kill 4 Players Forward 
   Center                   Wing                     Time % Phy DF OF 
 1 Colton Sissons           Brandon Duhaime          50     1   2  2  
 2 Radek Faksa              Jack McBain              50     1   2  2  

Penalty Kill 4 Players Defense
   Defense                  Defense                  Time % Phy DF OF 
 1 J.J. Moser               Nick Blankenburg         50     1   2  2  
 2 Joel Edmundson           Will Borgen              50     1   2  2  

Penalty Kill - 3 Players Forward 
   Forward                                           Time % Phy DF OF 
 1 Colton Sissons                                    50     1   2  2  
 2 Kaapo Kakko                                       50     1   2  2  

Penalty Kill - 3 Players Defense
   Defense                  Defense                  Time % Phy DF OF 
 1 J.J. Moser               Nick Blankenburg         50     1   2  2  
 2 Joel Edmundson           Will Borgen              50     1   2  2  

4 vs 4 Forward 
   Center                   Wing                     Time % Phy DF OF 
 1 Colton Sissons           Kirby Dach               50     1   2  2  
 2 Cody Glass               Kaapo Kakko              50     1   2  2  

4 vs 4 Defense
   Defense                  Defense                  Time % Phy DF OF 
 1 Joel Edmundson           Nick Blankenburg         50     1   2  2  
 2 J.J. Moser               Will Borgen              50     1   2  2  

Last Minutes Offensive
   Center                   Left Wing                Right Wing               Defense                  Defense                  
   Cody Glass               Thomas Novak             Kaapo Kakko              Nick Blankenburg         Zac Jones                

Last Minutes Defensive
   Center                   Left Wing                Right Wing               Defense                  Defense                  
   Colton Sissons           Radek Faksa              Brandon Duhaime          J.J. Moser               Nick Blankenburg         

Goaltenders
Starting : Dennis Hildeby           
Backup : Jake Allen               

Extra Forwards
Normal : Colton Sissons, Cody Glass, Kaapo Kakko - PP : Cody Glass, Colton Sissons - PK : Colton Sissons
Extra Defensemen
Normal : J.J. Moser, Nick Blankenburg, Joel Edmundson - PP : J.J. Moser - PK : J.J. Moser, Nick Blankenburg
Penalty Shots
Paul Cotter, Kirby Dach, Cody Glass, Thomas Novak, Radek Faksa

Scratches
Juuso Parssinen (Healthy), Miles Wood (Healthy), Josh Mahura (Healthy), Louis Crevier (Healthy), Dylan Roobroeck (Healthy)

Dallas Stars

5 vs 5 Forward 
   Center                   Left Wing                Right Wing               Time % Phy DF OF 
 1 Elias Lindholm           Josh Anderson            Brendan Gallagher        30     1   2  2  
 2 Filip Chytil             Jordan Martinook         Luke Kunin               30     1   2  2  
 3 Trent Frederic           Alex Iafallo             Jordan Greenway          25     1   2  2  
 4 Jack Drury               Joel Kiviranta           Philip Tomasino          15     1   2  2  

5 vs 5 Defense 
   Defense                  Defense                                           Time % Phy DF OF 
 1 Dougie Hamilton          Trevor van Riemsdyk                               30     1   2  2  
 2 Jakob Chychrun           Jonas Siegenthaler                                30     1   2  2  
 3 Cam York                 Arber Xhekaj                                      25     1   2  2  
 4 Dougie Hamilton          Trevor van Riemsdyk                               15     1   2  2  

PowerPlay Forward 
   Center                   Left Wing                Right Wing               Time % Phy DF OF 
 1 Elias Lindholm           Josh Anderson            Brendan Gallagher        50     1   2  2  
 2 Filip Chytil             Jordan Martinook         Luke Kunin               50     1   2  2  

PowerPlay Defense
   Defense                  Defense                                           Time % Phy DF OF 
 1 Dougie Hamilton          Trevor van Riemsdyk                               50     1   2  2  
 2 Jakob Chychrun           Jonas Siegenthaler                                50     1   2  2  

Penalty Kill 4 Players Forward 
   Center                   Wing                     Time % Phy DF OF 
 1 Elias Lindholm           Josh Anderson            50     1   2  2  
 2 Brendan Gallagher        Jordan Martinook         50     1   2  2  

Penalty Kill 4 Players Defense
   Defense                  Defense                  Time % Phy DF OF 
 1 Dougie Hamilton          Trevor van Riemsdyk      50     1   2  2  
 2 Jakob Chychrun           Jonas Siegenthaler       50     1   2  2  

Penalty Kill - 3 Players Forward 
   Forward                                           Time % Phy DF OF 
 1 Elias Lindholm                                    50     1   2  2  
 2 Josh Anderson                                     50     1   2  2  

Penalty Kill - 3 Players Defense
   Defense                  Defense                  Time % Phy DF OF 
 1 Dougie Hamilton          Trevor van Riemsdyk      50     1   2  2  
 2 Jakob Chychrun           Jonas Siegenthaler       50     1   2  2  

4 vs 4 Forward 
   Center                   Wing                     Time % Phy DF OF 
 1 Elias Lindholm           Josh Anderson            50     1   2  2  
 2 Brendan Gallagher        Jordan Martinook         50     1   2  2  

4 vs 4 Defense
   Defense                  Defense                  Time % Phy DF OF 
 1 Dougie Hamilton          Trevor van Riemsdyk      50     1   2  2  
 2 Jakob Chychrun           Jonas Siegenthaler       50     1   2  2  

Last Minutes Offensive
   Center                   Left Wing                Right Wing               Defense                  Defense                  
   Elias Lindholm           Josh Anderson            Brendan Gallagher        Dougie Hamilton          Trevor van Riemsdyk      

Last Minutes Defensive
   Center                   Left Wing                Right Wing               Defense                  Defense                  
   Elias Lindholm           Josh Anderson            Brendan Gallagher        Dougie Hamilton          Trevor van Riemsdyk      

Goaltenders
Starting : Ukko-Pekka Luukkonen     
Backup : Alex Lyon                

Extra Forwards
Normal : Alex Iafallo, Joel Kiviranta, Trent Frederic - PP : Alex Iafallo, Joel Kiviranta - PK : Trent Frederic
Extra Defensemen
Normal : Cam York, Arber Xhekaj, Jakob Chychrun - PP : Cam York - PK : Arber Xhekaj, Jakob Chychrun
Penalty Shots
Elias Lindholm, Josh Anderson, Brendan Gallagher, Jordan Martinook, Alex Iafallo

Scratches
Ty Smith (Healthy), Nils Lundkvist (Healthy), Jonatan Berggren (Healthy), Marc-Andre Fleury (Healthy), Semyon Varlamov (Healthy)

% Time on Ice - Philadelphia Flyers

Lines # - Real PCT - Wanted PCT - Time Play
Normal Forward
1 - 25% - 25% - 12:57
2 - 24% - 25% - 12:15
3 - 26% - 25% - 13:17
4 - 26% - 25% - 13:27
Normal Defense
1 - 36% - 35% - 18:56
2 - 35% - 35% - 18:16
3 - 28% - 30% - 14:44
4 - 0% - 0% - 0:00
PP Forward
1 - 52% - 50% - 1:06
2 - 48% - 50% - 1:01
PP Defense
1 - 49% - 50% - 1:02
2 - 51% - 50% - 1:05
PK Forward
1 - 48% - 50% - 2:52
2 - 52% - 50% - 3:05
PK Defense
1 - 48% - 50% - 2:52
2 - 52% - 50% - 3:05
PK3 Forward
1 - 0% - 50%
2 - 0% - 50%
PK3 Defense
1 - 0% - 50%
2 - 0% - 50%
44 Forward
1 - 100% - 50% - 0:14
2 - 0% - 50% - 0:00
44 Defense
1 - 100% - 50% - 0:14
2 - 0% - 50% - 0:00
Last Minute Offensive  - 0:00
Last Minute Defensive  - 0:00
Total
Forward - 60:14
Defense - 60:14

% Time on Ice - Dallas Stars

Lines # - Real PCT - Wanted PCT - Time Play
Normal Forward
1 - 30% - 30% - 15:44
2 - 28% - 30% - 14:34
3 - 25% - 25% - 12:47
4 - 17% - 15% - 8:51
Normal Defense
1 - 31% - 30% - 16:06
2 - 31% - 30% - 16:01
3 - 25% - 25% - 12:44
4 - 14% - 15% - 7:05
PP Forward
1 - 50% - 50% - 2:58
2 - 50% - 50% - 2:59
PP Defense
1 - 40% - 50% - 2:23
2 - 60% - 50% - 3:34
PK Forward
1 - 57% - 50% - 1:12
2 - 43% - 50% - 0:55
PK Defense
1 - 53% - 50% - 1:07
2 - 47% - 50% - 1:00
PK3 Forward
1 - 0% - 50%
2 - 0% - 50%
PK3 Defense
1 - 0% - 50%
2 - 0% - 50%
44 Forward
1 - 100% - 50% - 0:14
2 - 0% - 50% - 0:00
44 Defense
1 - 100% - 50% - 0:14
2 - 0% - 50% - 0:00
Last Minute Offensive  - 0:00
Last Minute Defensive  - 0:00
Total
Forward - 60:14
Defense - 60:14

Play-by-Play

1st period


0:01 of 1st period - Elias Lindholm wins face-off versus Jack McBain in neutral zone.
0:46 of 1st period - Icing by Will Borgen.
0:47 of 1st period - Filip Chytil wins face-off versus Radek Faksa in Philadelphia Flyers zone.
1:16 of 1st period - Alex Iafallo is hit by Will Borgen and loses puck.
1:25 of 1st period - Snap shot by Kaapo Kakko.
1:25 of 1st period - Stopped by Ukko-Pekka Luukkonen with a rebound.
1:27 of 1st period - Slapshot by J.J. Moser.
1:27 of 1st period - Shot Blocked by Jonas Siegenthaler.
1:58 of 1st period - Arber Xhekaj is hit by Alex Steeves and loses puck.
2:31 of 1st period - Dougie Hamilton is hit by Brandon Duhaime and loses puck.
2:58 of 1st period - Joel Kiviranta is hit by Thomas Novak and loses puck.
3:35 of 1st period - Slapshot by Cody Glass.
3:35 of 1st period - Stopped by Ukko-Pekka Luukkonen with a rebound.
3:37 of 1st period - Slapshot by Cody Glass.
3:37 of 1st period - Shot Misses the Net.
3:39 of 1st period - Snap shot by Brandon Duhaime.
3:39 of 1st period - Shot Blocked by Trevor van Riemsdyk.
3:41 of 1st period - Wrist shot by J.J. Moser.
3:41 of 1st period - Shot Misses the Net.
3:48 of 1st period - Icing by Trevor van Riemsdyk.
3:49 of 1st period - Radek Faksa wins face-off versus Trent Frederic in Dallas Stars zone.
4:35 of 1st period - Icing by Brandon Duhaime.
4:36 of 1st period - Jack Drury wins face-off versus Colton Sissons in Philadelphia Flyers zone.
4:39 of 1st period - Wrist shot by Jack Drury.
4:39 of 1st period - Stopped by Dennis Hildeby without a rebound.
4:40 of 1st period - Jack Drury wins face-off versus Colton Sissons in Philadelphia Flyers zone.
4:50 of 1st period - Off-side.
4:51 of 1st period - Filip Chytil wins face-off versus Alex Steeves in neutral zone.
4:59 of 1st period - Off-side.
5:00 of 1st period - Alex Steeves wins face-off versus Filip Chytil in neutral zone.
5:13 of 1st period - Snap shot by Thomas Novak.
5:13 of 1st period - Stopped by Ukko-Pekka Luukkonen with a rebound.
5:20 of 1st period - Off-side.
5:21 of 1st period - Radek Faksa wins face-off versus Trent Frederic in neutral zone.
6:31 of 1st period - Slapshot by Cole Guttman.
6:31 of 1st period - Deflect By Thomas Novak.
6:31 of 1st period - Shot Blocked by Jonas Siegenthaler.
6:31 of 1st period - Puck is out of play.
6:32 of 1st period - Elias Lindholm wins face-off versus Radek Faksa in Dallas Stars zone.
6:32 of 1st period - Elias Lindholm is hit by Paul Cotter.
8:02 of 1st period - Alex Steeves is hit by Elias Lindholm and loses puck.
8:30 of 1st period - Slapshot by Jack McBain.
8:30 of 1st period - Shot Misses the Net.
8:46 of 1st period - Brandon Duhaime is hit by Jonas Siegenthaler and loses puck.
9:05 of 1st period - Joel Edmundson is hit by Philip Tomasino and loses puck.
9:28 of 1st period - Wrist shot by Elias Lindholm.
9:28 of 1st period - Stopped by Dennis Hildeby without a rebound.
9:29 of 1st period - Elias Lindholm wins face-off versus Cole Guttman in Philadelphia Flyers zone.
9:30 of 1st period - Backhand shot by Brendan Gallagher.
9:30 of 1st period - Stopped by Dennis Hildeby with a rebound.
9:47 of 1st period - Minor Penalty to Josh Anderson for Holding.
9:48 of 1st period - Cody Glass wins face-off versus Trent Frederic in Dallas Stars zone.
9:52 of 1st period - Slapshot by Thomas Novak.
9:52 of 1st period - Shot Misses the Net.
10:42 of 1st period - Colton Sissons is hit by Jonas Siegenthaler and loses puck.
11:38 of 1st period - J.J. Moser is hit by Trent Frederic and loses puck.
11:47 of 1st period - Penalty to Josh Anderson is over, Josh Anderson is back on ice.
11:55 of 1st period - Jonas Siegenthaler is hit by Cole Guttman.
12:01 of 1st period - Wrist shot by Brendan Gallagher.
12:01 of 1st period - Stopped by Dennis Hildeby without a rebound.
12:02 of 1st period - Radek Faksa wins face-off versus Jack Drury in Philadelphia Flyers zone.
12:20 of 1st period - Off-side.
12:21 of 1st period - Alex Steeves wins face-off versus Trent Frederic in neutral zone.
13:15 of 1st period - Snap shot by Colton Sissons.
13:15 of 1st period - Shot Misses the Net.
13:17 of 1st period - Backhand shot by Zac Jones.
13:17 of 1st period - Stopped by Ukko-Pekka Luukkonen without a rebound.
13:18 of 1st period - Radek Faksa wins face-off versus Trent Frederic in Dallas Stars zone.
13:56 of 1st period - Snap shot by Filip Chytil.
13:56 of 1st period - Stopped by Dennis Hildeby with a rebound.
14:57 of 1st period - Wrist shot by Trent Frederic.
14:57 of 1st period - Stopped by Dennis Hildeby without a rebound.
14:58 of 1st period - Colton Sissons wins face-off versus Elias Lindholm in Philadelphia Flyers zone.
15:03 of 1st period - Snap shot by Kirby Dach.
15:03 of 1st period - Stopped by Ukko-Pekka Luukkonen without a rebound.
15:04 of 1st period - Elias Lindholm wins face-off versus Colton Sissons in Dallas Stars zone.
15:37 of 1st period - Snap shot by Kirby Dach.
15:37 of 1st period - Stopped by Ukko-Pekka Luukkonen with a rebound.
15:39 of 1st period - Slapshot by Joel Edmundson.
15:39 of 1st period - Stopped by Ukko-Pekka Luukkonen without a rebound.
15:40 of 1st period - Filip Chytil wins face-off versus Radek Faksa in Dallas Stars zone.
15:51 of 1st period - Snap shot by Filip Chytil.
15:51 of 1st period - Deflect By Luke Kunin.
15:51 of 1st period - Shot Misses the Net.
15:51 of 1st period - Puck is out of play.
15:52 of 1st period - Filip Chytil wins face-off versus Brandon Duhaime in Philadelphia Flyers zone.
15:55 of 1st period - Snap shot by Jordan Martinook.
15:55 of 1st period - Shot Misses the Net.
16:19 of 1st period - Dougie Hamilton is hit by Jeff Skinner and loses puck.
16:29 of 1st period - Off-side.
16:30 of 1st period - Trent Frederic wins face-off versus Alex Steeves in neutral zone.
16:30 of 1st period - Trent Frederic is hit by Cole Guttman.
16:34 of 1st period - Thomas Novak is hit by Jordan Greenway and loses puck.
16:48 of 1st period - Minor Penalty to Alex Steeves for Hooking.
16:49 of 1st period - Colton Sissons wins face-off versus Elias Lindholm in Philadelphia Flyers zone.
17:03 of 1st period - Snap shot by Brendan Gallagher.
17:03 of 1st period - Shot Misses the Net.
17:05 of 1st period - Slapshot by Trevor van Riemsdyk.
17:05 of 1st period - Stopped by Dennis Hildeby without a rebound.
17:06 of 1st period - Filip Chytil wins face-off versus Colton Sissons in Philadelphia Flyers zone.
17:31 of 1st period - Brendan Gallagher is hit by Radek Faksa and loses puck.
17:54 of 1st period - Nick Blankenburg is hit by Luke Kunin and loses puck.
18:48 of 1st period - Penalty to Alex Steeves is over, Alex Steeves is back on ice.
18:52 of 1st period - Wrist shot by Jack McBain.
18:52 of 1st period - Deflect By Cole Guttman.
18:52 of 1st period - Shot Blocked by Trent Frederic.
18:52 of 1st period - Puck is out of play.
18:53 of 1st period - Alex Steeves wins face-off versus Trent Frederic in Dallas Stars zone.
18:54 of 1st period - Snap shot by Thomas Novak.
18:54 of 1st period - Shot Misses the Net.
19:28 of 1st period - Snap shot by Philip Tomasino.
19:28 of 1st period - Deflect By Joel Kiviranta.
19:28 of 1st period - Shot Misses the Net.
19:28 of 1st period - Puck is out of play.
19:29 of 1st period - Filip Chytil wins face-off versus Colton Sissons in Philadelphia Flyers zone.
19:30 of 1st period - Snap shot by Luke Kunin.
19:30 of 1st period - Shot Blocked by Nick Blankenburg.
19:32 of 1st period - Slapshot by Jakob Chychrun.
19:32 of 1st period - Shot Misses the Net.
19:34 of 1st period - Wrist shot by Filip Chytil.
19:34 of 1st period - Stopped by Dennis Hildeby with a rebound.
19:36 of 1st period - Slapshot by Jonas Siegenthaler.
19:36 of 1st period - Stopped by Dennis Hildeby with a rebound.
19:38 of 1st period - Slapshot by Jakob Chychrun.
19:38 of 1st period - Shot Blocked by Joel Edmundson.
19:40 of 1st period - Slapshot by Jakob Chychrun.
19:40 of 1st period - Stopped by Dennis Hildeby with a rebound.
19:42 of 1st period - Slapshot by Luke Kunin.
19:42 of 1st period - Stopped by Dennis Hildeby with a rebound.
19:44 of 1st period - Snap shot by Jordan Martinook.
19:44 of 1st period - Shot Blocked by Colton Sissons.
Goals for this period are 0 for Philadelphia Flyers vs 0 for Dallas Stars.
Shots for this period are 7 for Philadelphia Flyers vs 11 for Dallas Stars.

2nd period


0:01 of 2nd period - Radek Faksa wins face-off versus Brendan Gallagher in neutral zone.
0:16 of 2nd period - Snap shot by Paul Cotter.
0:16 of 2nd period - Deflect By Radek Faksa.
0:16 of 2nd period - Shot Misses the Net.
0:16 of 2nd period - Puck is out of play.
0:17 of 2nd period - Filip Chytil wins face-off versus Cody Glass in Dallas Stars zone.
0:17 of 2nd period - Filip Chytil is hit by Kaapo Kakko.
0:43 of 2nd period - Josh Anderson is hit by Kirby Dach and loses puck.
0:50 of 2nd period - Wrist shot by Elias Lindholm.
0:50 of 2nd period - Shot Misses the Net.
1:29 of 2nd period - Jakob Chychrun is hit by Nick Blankenburg and loses puck.
1:40 of 2nd period - Wrist shot by Cole Guttman.
1:40 of 2nd period - Stopped by Ukko-Pekka Luukkonen without a rebound.
1:41 of 2nd period - Jordan Martinook wins face-off versus Paul Cotter in Dallas Stars zone.
1:50 of 2nd period - Snap shot by Luke Kunin.
1:50 of 2nd period - Shot Misses the Net.
2:13 of 2nd period - Brandon Duhaime is hit by Dougie Hamilton and loses puck.
2:20 of 2nd period - Slapshot by J.J. Moser.
2:20 of 2nd period - Shot Misses the Net.
2:40 of 2nd period - Wrist shot by Josh Anderson.
2:40 of 2nd period - Shot Misses the Net.
2:50 of 2nd period - Colton Sissons is hit by Arber Xhekaj.
3:16 of 2nd period - Snap shot by Kirby Dach.
3:16 of 2nd period - Deflect By Jack McBain.
3:16 of 2nd period - Deflect By Cam York.
3:16 of 2nd period - Shot Misses the Net.
3:16 of 2nd period - Puck is out of play.
3:17 of 2nd period - Radek Faksa wins face-off versus Elias Lindholm in Dallas Stars zone.
4:29 of 2nd period - Slapshot by Joel Kiviranta.
4:29 of 2nd period - Stopped by Dennis Hildeby without a rebound.
4:30 of 2nd period - Jack Drury wins face-off versus Cody Glass in Philadelphia Flyers zone.
4:35 of 2nd period - Slapshot by Philip Tomasino.
4:35 of 2nd period - Stopped by Dennis Hildeby with a rebound.
5:34 of 2nd period - Slapshot by Brandon Duhaime.
5:34 of 2nd period - Shot Misses the Net.
5:36 of 2nd period - Wrist shot by Cody Glass.
5:36 of 2nd period - Stopped by Ukko-Pekka Luukkonen with a rebound.
5:38 of 2nd period - Snap shot by Cody Glass.
5:38 of 2nd period - Shot Misses the Net.
6:15 of 2nd period - Snap shot by Kaapo Kakko.
6:15 of 2nd period - Stopped by Ukko-Pekka Luukkonen with a rebound.
6:17 of 2nd period - Snap shot by Zac Jones.
6:17 of 2nd period - Shot Misses the Net.
6:19 of 2nd period - Wrist shot by Henri Jokiharju.
6:19 of 2nd period - Shot Blocked by Dougie Hamilton.
6:21 of 2nd period - Wrist shot by Cody Glass.
6:21 of 2nd period - Stopped by Ukko-Pekka Luukkonen without a rebound.
6:22 of 2nd period - Radek Faksa wins face-off versus Elias Lindholm in Dallas Stars zone.
6:53 of 2nd period - Wrist shot by Alex Iafallo.
6:53 of 2nd period - Shot Misses the Net.
6:55 of 2nd period - Wrist shot by Jordan Greenway.
6:55 of 2nd period - Stopped by Dennis Hildeby with a rebound.
6:57 of 2nd period - Slapshot by Cam York.
6:57 of 2nd period - Shot Blocked by Jeff Skinner.
7:32 of 2nd period - Off-side.
7:33 of 2nd period - Elias Lindholm wins face-off versus Colton Sissons in neutral zone.
7:36 of 2nd period - Slapshot by Jakob Chychrun.
7:36 of 2nd period - Stopped by Dennis Hildeby without a rebound.
7:37 of 2nd period - Colton Sissons wins face-off versus Elias Lindholm in Philadelphia Flyers zone.
7:42 of 2nd period - Slapshot by Nick Blankenburg.
7:42 of 2nd period - Deflect By Elias Lindholm.
7:42 of 2nd period - Stopped by Ukko-Pekka Luukkonen without a rebound.
7:43 of 2nd period - Colton Sissons wins face-off versus Filip Chytil in Dallas Stars zone.
8:05 of 2nd period - Icing by Filip Chytil.
8:06 of 2nd period - Elias Lindholm wins face-off versus Alex Steeves in Dallas Stars zone.
8:17 of 2nd period - Slapshot by Elias Lindholm.
8:17 of 2nd period - Stopped by Dennis Hildeby without a rebound.
8:18 of 2nd period - Elias Lindholm wins face-off versus Radek Faksa in Philadelphia Flyers zone.
8:47 of 2nd period - Wrist shot by Jeff Skinner.
8:47 of 2nd period - Stopped by Ukko-Pekka Luukkonen without a rebound.
8:48 of 2nd period - Filip Chytil wins face-off versus Alex Steeves in Dallas Stars zone.
9:01 of 2nd period - Wrist shot by Filip Chytil.
9:01 of 2nd period - Stopped by Dennis Hildeby without a rebound.
9:02 of 2nd period - Trent Frederic wins face-off versus Colton Sissons in Philadelphia Flyers zone.
9:44 of 2nd period - Luke Kunin is hit by Radek Faksa and loses puck.
10:18 of 2nd period - Snap shot by Jeff Skinner.
10:18 of 2nd period - Stopped by Ukko-Pekka Luukkonen with a rebound.
10:20 of 2nd period - Wrist shot by J.J. Moser.
10:20 of 2nd period - Stopped by Ukko-Pekka Luukkonen without a rebound.
10:21 of 2nd period - Cole Guttman wins face-off versus Elias Lindholm in Dallas Stars zone.
10:36 of 2nd period - Snap shot by Cole Guttman.
10:36 of 2nd period - Stopped by Ukko-Pekka Luukkonen without a rebound.
10:37 of 2nd period - Colton Sissons wins face-off versus Trent Frederic in Dallas Stars zone.
11:07 of 2nd period - Slapshot by Nick Blankenburg.
11:07 of 2nd period - Shot Misses the Net.
11:35 of 2nd period - Snap shot by Kaapo Kakko.
11:35 of 2nd period - Shot Misses the Net.
12:33 of 2nd period - Jordan Martinook is hit by Kaapo Kakko and loses puck.
12:42 of 2nd period - Minor Penalty to Kaapo Kakko for Tripping.
12:43 of 2nd period - Brandon Duhaime wins face-off versus Jordan Martinook in Philadelphia Flyers zone.
12:43 of 2nd period - Brandon Duhaime is hit by Jordan Martinook.
13:16 of 2nd period - Slapshot by Jakob Chychrun.
13:16 of 2nd period - Shot Blocked by Jack McBain.
14:42 of 2nd period - Penalty to Kaapo Kakko is over, Kaapo Kakko is back on ice.
14:46 of 2nd period - Snap shot by Kaapo Kakko.
14:46 of 2nd period - Stopped by Ukko-Pekka Luukkonen without a rebound.
14:47 of 2nd period - Alex Steeves wins face-off versus Trent Frederic in Dallas Stars zone.
14:56 of 2nd period - Wrist shot by Cole Guttman.
14:56 of 2nd period - Stopped by Ukko-Pekka Luukkonen without a rebound.
14:57 of 2nd period - Thomas Novak wins face-off versus Trent Frederic in Dallas Stars zone.
15:04 of 2nd period - Wrist shot by Alex Steeves.
15:04 of 2nd period - Shot Blocked by Cam York.
15:06 of 2nd period - Snap shot by Cole Guttman.
15:06 of 2nd period - Goal by Cole Guttman - Philadelphia Flyers : 1 - Dallas Stars : 0.
15:07 of 2nd period - Elias Lindholm wins face-off versus Colton Sissons in neutral zone.
15:10 of 2nd period - Kirby Dach is hit by Elias Lindholm and loses puck.
15:15 of 2nd period - Snap shot by Brendan Gallagher.
15:15 of 2nd period - Stopped by Dennis Hildeby with a rebound.
15:17 of 2nd period - Wrist shot by Brendan Gallagher.
15:17 of 2nd period - Stopped by Dennis Hildeby with a rebound.
15:19 of 2nd period - Slapshot by Jonas Siegenthaler.
15:19 of 2nd period - Stopped by Dennis Hildeby without a rebound.
15:20 of 2nd period - Kirby Dach wins face-off versus Elias Lindholm in Philadelphia Flyers zone.
16:23 of 2nd period - Brandon Duhaime is hit by Joel Kiviranta and loses puck.
16:30 of 2nd period - Wrist shot by Philip Tomasino.
16:30 of 2nd period - Goal by Philip Tomasino - Philadelphia Flyers : 1 - Dallas Stars : 1.
16:31 of 2nd period - Elias Lindholm wins face-off versus Colton Sissons in neutral zone.
16:42 of 2nd period - Wrist shot by Elias Lindholm.
16:42 of 2nd period - Stopped by Dennis Hildeby with a rebound.
16:44 of 2nd period - Slapshot by Josh Anderson.
16:44 of 2nd period - Shot Blocked by Colton Sissons.
16:46 of 2nd period - Slapshot by Jakob Chychrun.
16:46 of 2nd period - Stopped by Dennis Hildeby without a rebound.
16:47 of 2nd period - Alex Steeves wins face-off versus Filip Chytil in Philadelphia Flyers zone.
16:47 of 2nd period - Alex Steeves is hit by Filip Chytil.
17:13 of 2nd period - Brendan Gallagher is hit by Colton Sissons and loses puck.
17:26 of 2nd period - Wrist shot by Kirby Dach.
17:26 of 2nd period - Shot Misses the Net.
17:36 of 2nd period - Wrist shot by Trent Frederic.
17:36 of 2nd period - Shot Misses the Net.
17:38 of 2nd period - Snap shot by Trent Frederic.
17:38 of 2nd period - Stopped by Dennis Hildeby with a rebound.
18:04 of 2nd period - Wrist shot by Paul Cotter.
18:04 of 2nd period - Stopped by Ukko-Pekka Luukkonen with a rebound.
18:27 of 2nd period - Snap shot by Filip Chytil.
18:27 of 2nd period - Shot Blocked by Nick Blankenburg.
18:45 of 2nd period - Snap shot by Elias Lindholm.
18:45 of 2nd period - Goal by Elias Lindholm - Philadelphia Flyers : 1 - Dallas Stars : 2.
18:46 of 2nd period - Cody Glass wins face-off versus Jordan Martinook in neutral zone.
18:55 of 2nd period - Snap shot by Cody Glass.
18:55 of 2nd period - Shot Blocked by Trevor van Riemsdyk.
19:20 of 2nd period - Snap shot by Cody Glass.
19:20 of 2nd period - Deflect By Kaapo Kakko.
19:20 of 2nd period - Stopped by Ukko-Pekka Luukkonen without a rebound.
19:21 of 2nd period - Radek Faksa wins face-off versus Brendan Gallagher in Dallas Stars zone.
19:37 of 2nd period - Snap shot by J.J. Moser.
19:37 of 2nd period - Deflect By Radek Faksa.
19:37 of 2nd period - Stopped by Ukko-Pekka Luukkonen with a rebound.
Goals for this period are 1 for Philadelphia Flyers vs 2 for Dallas Stars.
Shots for this period are 15 for Philadelphia Flyers vs 14 for Dallas Stars.

3rd period


0:01 of 3rd period - Elias Lindholm wins face-off versus Colton Sissons in neutral zone.
0:26 of 3rd period - Jeff Skinner is hit by Jordan Martinook and loses puck.
1:12 of 3rd period - Slapshot by Brandon Duhaime.
1:12 of 3rd period - Deflect By Kaapo Kakko.
1:12 of 3rd period - Stopped by Ukko-Pekka Luukkonen with a rebound.
1:28 of 3rd period - Colton Sissons is hit by Elias Lindholm and loses puck.
1:47 of 3rd period - Slapshot by Elias Lindholm.
1:47 of 3rd period - Shot Blocked by Joel Edmundson.
1:51 of 3rd period - Snap shot by Filip Chytil.
1:51 of 3rd period - Stopped by Dennis Hildeby without a rebound.
1:52 of 3rd period - Alex Steeves wins face-off versus Filip Chytil in Philadelphia Flyers zone.
2:43 of 3rd period - Snap shot by Brandon Duhaime.
2:43 of 3rd period - Stopped by Ukko-Pekka Luukkonen with a rebound.
2:45 of 3rd period - Wrist shot by Cody Glass.
2:45 of 3rd period - Shot Blocked by Dougie Hamilton.
2:47 of 3rd period - Snap shot by Cody Glass.
2:47 of 3rd period - Shot Hit the Post.
2:49 of 3rd period - Wrist shot by Kaapo Kakko.
2:49 of 3rd period - Stopped by Ukko-Pekka Luukkonen with a rebound.
2:51 of 3rd period - Wrist shot by Kaapo Kakko.
2:51 of 3rd period - Stopped by Ukko-Pekka Luukkonen without a rebound.
2:52 of 3rd period - Radek Faksa wins face-off versus Trent Frederic in Dallas Stars zone.
3:25 of 3rd period - Wrist shot by Filip Chytil.
3:25 of 3rd period - Stopped by Dennis Hildeby without a rebound.
3:26 of 3rd period - Elias Lindholm wins face-off versus Colton Sissons in Philadelphia Flyers zone.
4:20 of 3rd period - Snap shot by Paul Cotter.
4:20 of 3rd period - Shot Misses the Net.
4:22 of 3rd period - Minor Penalty to Jordan Greenway for Roughing.
4:23 of 3rd period - Colton Sissons wins face-off versus Brendan Gallagher in Dallas Stars zone.
4:28 of 3rd period - Snap shot by Kirby Dach.
4:28 of 3rd period - Stopped by Ukko-Pekka Luukkonen with a rebound.
4:30 of 3rd period - Slapshot by Jeff Skinner.
4:30 of 3rd period - Goal by Jeff Skinner - Philadelphia Flyers : 2 - Dallas Stars : 2.
4:31 of 3rd period - Trent Frederic wins face-off versus Alex Steeves in neutral zone.
4:35 of 3rd period - Off-side.
4:36 of 3rd period - Alex Steeves wins face-off versus Trent Frederic in neutral zone.
4:42 of 3rd period - Off-side.
4:43 of 3rd period - Filip Chytil wins face-off versus Kaapo Kakko in neutral zone.
4:58 of 3rd period - Wrist shot by Kaapo Kakko.
4:58 of 3rd period - Shot Misses the Net.
6:08 of 3rd period - Trevor van Riemsdyk is hit by Nick Blankenburg and loses puck.
6:40 of 3rd period - Wrist shot by Brendan Gallagher.
6:40 of 3rd period - Deflect By Elias Lindholm.
6:40 of 3rd period - Stopped by Dennis Hildeby with a rebound.
6:42 of 3rd period - Snap shot by Josh Anderson.
6:42 of 3rd period - Shot Blocked by Jack McBain.
7:22 of 3rd period - Off-side.
7:23 of 3rd period - Cody Glass wins face-off versus Elias Lindholm in neutral zone.
7:56 of 3rd period - Off-side.
7:57 of 3rd period - Alex Iafallo wins face-off versus Colton Sissons in neutral zone.
8:08 of 3rd period - Wrist shot by Jack McBain.
8:08 of 3rd period - Shot Misses the Net.
8:38 of 3rd period - Slapshot by Brendan Gallagher.
8:38 of 3rd period - Shot Misses the Net.
9:12 of 3rd period - Snap shot by Jack Drury.
9:12 of 3rd period - Stopped by Dennis Hildeby with a rebound.
9:32 of 3rd period - Snap shot by Jack Drury.
9:32 of 3rd period - Stopped by Dennis Hildeby without a rebound.
9:33 of 3rd period - Colton Sissons wins face-off versus Jordan Greenway in Philadelphia Flyers zone.
9:44 of 3rd period - Wrist shot by Colton Sissons.
9:44 of 3rd period - Shot Misses the Net.
9:46 of 3rd period - Slapshot by Will Borgen.
9:46 of 3rd period - Deflect By Dougie Hamilton.
9:46 of 3rd period - Stopped by Ukko-Pekka Luukkonen without a rebound.
9:47 of 3rd period - Elias Lindholm wins face-off versus Alex Steeves in Dallas Stars zone.
9:52 of 3rd period - Snap shot by Brendan Gallagher.
9:52 of 3rd period - Stopped by Dennis Hildeby with a rebound.
9:54 of 3rd period - Slapshot by Brendan Gallagher.
9:54 of 3rd period - Shot Blocked by Alex Steeves.
9:56 of 3rd period - Slapshot by Trevor van Riemsdyk.
9:56 of 3rd period - Deflect By Brendan Gallagher.
9:56 of 3rd period - Shot Misses the Net.
9:56 of 3rd period - Puck is out of play.
9:57 of 3rd period - Brendan Gallagher wins face-off versus Alex Steeves in Philadelphia Flyers zone.
10:04 of 3rd period - Brendan Gallagher is hit by J.J. Moser and loses puck.
10:29 of 3rd period - Slapshot by Josh Anderson.
10:29 of 3rd period - Shot Misses the Net.
10:33 of 3rd period - Wrist shot by Josh Anderson.
10:33 of 3rd period - Stopped by Dennis Hildeby with a rebound.
10:41 of 3rd period - Snap shot by Elias Lindholm.
10:41 of 3rd period - Shot Misses the Net.
11:11 of 3rd period - Slapshot by Will Borgen.
11:11 of 3rd period - Shot Misses the Net.
11:14 of 3rd period - Icing by Dougie Hamilton.
11:15 of 3rd period - Elias Lindholm wins face-off versus Cody Glass in Dallas Stars zone.
11:38 of 3rd period - Wrist shot by Elias Lindholm.
11:38 of 3rd period - Shot Blocked by Joel Edmundson.
11:40 of 3rd period - Snap shot by Dougie Hamilton.
11:40 of 3rd period - Shot Blocked by Nick Blankenburg.
11:42 of 3rd period - Slapshot by Dougie Hamilton.
11:42 of 3rd period - Stopped by Dennis Hildeby with a rebound.
11:50 of 3rd period - Snap shot by Elias Lindholm.
11:50 of 3rd period - Stopped by Dennis Hildeby with a rebound.
12:03 of 3rd period - Wrist shot by Brendan Gallagher.
12:03 of 3rd period - Goal by Brendan Gallagher - Philadelphia Flyers : 2 - Dallas Stars : 3.
12:04 of 3rd period - Filip Chytil wins face-off versus Colton Sissons in neutral zone.
12:13 of 3rd period - Wrist shot by Jordan Martinook.
12:13 of 3rd period - Stopped by Dennis Hildeby without a rebound.
12:14 of 3rd period - Colton Sissons wins face-off versus Jordan Martinook in Philadelphia Flyers zone.
12:23 of 3rd period - Wrist shot by Filip Chytil.
12:23 of 3rd period - Shot Misses the Net.
12:29 of 3rd period - Wrist shot by Jordan Martinook.
12:29 of 3rd period - Stopped by Dennis Hildeby without a rebound.
12:30 of 3rd period - Jordan Greenway wins face-off versus Cody Glass in Philadelphia Flyers zone.
12:33 of 3rd period - Snap shot by Alex Iafallo.
12:33 of 3rd period - Shot Blocked by Zac Jones.
13:36 of 3rd period - Henri Jokiharju is hit by Alex Iafallo and loses puck.
14:11 of 3rd period - Wrist shot by Paul Cotter.
14:11 of 3rd period - Shot Misses the Net.
14:13 of 3rd period - Slapshot by Will Borgen.
14:13 of 3rd period - Stopped by Ukko-Pekka Luukkonen with a rebound.
14:15 of 3rd period - Snap shot by Paul Cotter.
14:15 of 3rd period - Stopped by Ukko-Pekka Luukkonen with a rebound.
14:17 of 3rd period - Snap shot by Jeff Skinner.
14:17 of 3rd period - Shot Misses the Net.
14:19 of 3rd period - Slapshot by J.J. Moser.
14:19 of 3rd period - Shot Blocked by Brendan Gallagher.
14:21 of 3rd period - Snap shot by Will Borgen.
14:21 of 3rd period - Deflect By Radek Faksa.
14:21 of 3rd period - Goal by Radek Faksa - Philadelphia Flyers : 3 - Dallas Stars : 3.
14:22 of 3rd period - Luke Kunin wins face-off versus Colton Sissons in neutral zone.
14:25 of 3rd period - Slapshot by Dougie Hamilton.
14:25 of 3rd period - Stopped by Dennis Hildeby with a rebound.
14:47 of 3rd period - Jordan Greenway and Kaapo Kakko fight to a draw.
14:47 of 3rd period - Penalty to Jordan Greenway for Fighting.
14:47 of 3rd period - Penalty to Kaapo Kakko for Fighting.
14:48 of 3rd period - Cody Glass wins face-off versus Filip Chytil in Dallas Stars zone.
14:53 of 3rd period - Snap shot by Brandon Duhaime.
14:53 of 3rd period - Shot Blocked by Filip Chytil.
15:14 of 3rd period - Nick Blankenburg is hit by Cam York and loses puck.
15:39 of 3rd period - Wrist shot by Josh Anderson.
15:39 of 3rd period - Stopped by Dennis Hildeby with a rebound.
15:41 of 3rd period - Snap shot by Jakob Chychrun.
15:41 of 3rd period - Shot Misses the Net.
16:13 of 3rd period - Slapshot by Nick Blankenburg.
16:13 of 3rd period - Shot Misses the Net.
16:34 of 3rd period - Icing by Paul Cotter.
16:35 of 3rd period - Radek Faksa wins face-off versus Trent Frederic in Philadelphia Flyers zone.
16:59 of 3rd period - Slapshot by Alex Iafallo.
16:59 of 3rd period - Shot Misses the Net.
17:01 of 3rd period - Slapshot by Cam York.
17:01 of 3rd period - Stopped by Dennis Hildeby with a rebound.
17:03 of 3rd period - Snap shot by Cam York.
17:03 of 3rd period - Shot Blocked by Radek Faksa.
17:05 of 3rd period - Wrist shot by Cam York.
17:05 of 3rd period - Shot Misses the Net.
17:29 of 3rd period - Wrist shot by Brendan Gallagher.
17:29 of 3rd period - Stopped by Dennis Hildeby with a rebound.
17:31 of 3rd period - Minor Penalty to Jeff Skinner for Interference.
17:32 of 3rd period - Colton Sissons wins face-off versus Luke Kunin in Philadelphia Flyers zone.
17:41 of 3rd period - Jordan Martinook is hit by Nick Blankenburg and loses puck.
18:37 of 3rd period - Icing by Dougie Hamilton.
18:38 of 3rd period - Josh Anderson wins face-off versus Kirby Dach in Dallas Stars zone.
19:31 of 3rd period - Penalty to Jeff Skinner is over, Jeff Skinner is back on ice.
Goals for this period are 2 for Philadelphia Flyers vs 1 for Dallas Stars.
Shots for this period are 10 for Philadelphia Flyers vs 16 for Dallas Stars.

Overtime #1


0:01 of 1st overtime period - Colton Sissons wins face-off versus Elias Lindholm in neutral zone.
0:06 of 1st overtime period - Wrist shot by Kirby Dach.
0:06 of 1st overtime period - Stopped by Ukko-Pekka Luukkonen with a rebound.
0:12 of 1st overtime period - Wrist shot by Colton Sissons.
0:12 of 1st overtime period - Shot Blocked by Trevor van Riemsdyk.
0:14 of 1st overtime period - Slapshot by Nick Blankenburg.
0:14 of 1st overtime period - Goal by Nick Blankenburg - Philadelphia Flyers : 4 - Dallas Stars : 3.
Goals for this period are 1 for Philadelphia Flyers vs 0 for Dallas Stars.
Shots for this period are 2 for Philadelphia Flyers vs 0 for Dallas Stars.